cohdb
Replays
Latest Replays
All Replays
Popular Replays
Top Player Replays
Match Explorer
How It Works
Community
CoH3 Stats
Reddit
Sign in to upload your games and track your stats! →
Sign in with Steam
Match 40938720
Unlisted
Match 40938720
Overview
Messages
Build Orders
End
Construct Section Command Post
Selects Indian Artillery Battlegroup
Infantry Section
Infantry Section
Infantry Section
Construct Field Infirmary
Selects Towed ML 4.2-inch Heavy Mortar
Towed ML 4.2-inch Heavy Mortar
Construct Platoon Command Post
Selects Valour
Construct Company Command Post
Foot Guards Section
Selects Gurkha Rifles Section
Foot Guards Section
colinmeier50
Just Another French Alt
Pie-Eater
PaNiC
0
0
Comments
sign in to comment!
No comments posted yet!